 Dungeon Crawl Stone Soup version 0.30-a0-557-ge2afbf3030 (webtiles) character file.

Game seed: 12302943643208762158

1480 Newt the Skirmisher (level 9, -8/52 HPs)
             Began as a Kobold Hunter on Dec 27, 2022.
             Was an Initiate of Hepliaklqana.
             Mangled by an orc warrior
             ... wielding a +0 battleaxe
              (18 damage)
             ... on level 5 of the Dungeon.
             The game lasted 00:06:09 (6414 turns).

Newt the Skirmisher (Kobold Hunter)                 Turns: 6414, Time: 00:06:10

Health: -8/52      AC:  5    Str: 14    XL:     9   Next: 7%
Magic:  9/9        EV: 19    Int: 10    God:    Hepliaklqana [......]
Gold:   260        SH:  5    Dex: 23    Spells: 8/8 levels left

rFire   . . .      SeeInvis .    a - +1 shortbow
rCold   . . .      Faith    .    (shield currently unavailable)
rNeg    + + +      Spirit   .    s - +1 robe of Good Intentions {Harm *Slow rElec rN++}
rPois   .          Reflect  +    i - +1 helmet
rElec   +          Harm     +    (no cloak)
rCorr   .          Rampage  .    (no gloves)
Will    .....                    (no boots)
Stlth   ++++                     p - amulet of reflection
HPRegen 0.28/turn                f - +6 ring of strength
MPRegen 0.11/turn                g - ring of positive energy

@: no status effects
A: small, no large weapons, nightstalker 3
a: Renounce Religion


You were on level 5 of the Dungeon.
You worshipped Hepliaklqana.
Hepliaklqana was noncommittal.
You visited 1 branch of the dungeon, and saw 6 of its levels.

You collected 260 gold pieces.

Inventory:

Hand Weapons
 a - a +1 shortbow (weapon)
Armour
 c - a +0 leather armour
 i - a +1 helmet (worn)
 s - the +1 robe of Good Intentions (worn) {Harm *Slow rElec rN++}
   (You found it on level 5 of the Dungeon)

   rElec:     It insulates you from electricity.
   rN:        It greatly protects you from negative energy.
   *Slow:     It may slow you when you take damage.
   Harm:      It increases damage dealt and taken.
Jewellery
 f - a +6 ring of strength (left hand)
 g - a ring of positive energy (right hand)
 p - an amulet of reflection (around neck)
Wands
 l - a wand of flame (2)
Scrolls
 b - 4 scrolls of immolation
 m - 2 scrolls of fog
 t - a scroll of blinking
Potions
 d - a potion of flight
 h - a potion of attraction
 j - a potion of mutation
 k - a potion of curing
 n - a potion of cancellation
 o - a potion of ambrosia {unknown}
Miscellaneous
 u - a piece from Xom's chessboard (15/15)


   Skills:
 - Level 4.0 Fighting
 + Level 8.9 Ranged Weapons
 - Level 4.0 Armour
 - Level 6.0 Dodging
 - Level 4.0 Stealth
 - Level 5.0 Evocations


You had 8 spell levels left.
You didn't know any spells.
Your spell library was empty.

Dungeon Overview and Level Annotations

Branches:
Dungeon (6/15)             Temple (0/1) D:5

Altars:
Cheibriados
Hepliaklqana
Makhleb
Xom
Yredelemnul

Shops:
D:2 :


Innate Abilities, Weirdness & Mutations

You are small and have problems with some larger weapons.
You are completely attuned to the shadows.


Message History

Aim: an orc warrior, wielding a +0 battleaxe and wearing a +0 plate armour (heavily wounded, 74% to hit)
The puff of flame hits the orc warrior.
The orc warrior is severely wounded.
The orc warrior hits you with a +0 battleaxe.
* * * LOW HITPOINT WARNING * * *
Aiming: Throw Flame
Press: ? - help, Shift-Dir - straight line, f/p - orc warrior
Aim: an orc warrior, wielding a +0 battleaxe and wearing a +0 plate armour (severely wounded, 74% to hit)
The puff of flame hits the orc warrior but does no damage.
The orc warrior is severely wounded.
The orc warrior closely misses you.
Aiming: Throw Flame
Press: ? - help, Shift-Dir - straight line, f/p - orc warrior
Aim: an orc warrior, wielding a +0 battleaxe and wearing a +0 plate armour (severely wounded, 74% to hit)
The puff of flame hits the orc warrior.
The orc warrior is almost dead.
The orc warrior misses you.
Aiming: Throw Flame
Press: ? - help, Shift-Dir - straight line, f/p - orc warrior
Aim: an orc warrior, wielding a +0 battleaxe and wearing a +0 plate armour (almost dead, 74% to hit)
The puff of flame hits the orc warrior.
The orc warrior is almost dead.
The orc warrior hits you with a +0 battleaxe!
* * * LOW HITPOINT WARNING * * *
You feel much better. The orc warrior barely misses you.
Fire: a) +1 shortbow
Press: ? - help, Q - select action, (/) - cycle Shift-Dir - straight line, f/p - orc warrior
Aim: an orc warrior, wielding a +0 battleaxe and wearing a +0 plate armour (almost dead, 70% to hit)
You shoot an arrow.
The arrow closely misses the orc warrior.
The orc warrior hits you with a +0 battleaxe!!
* * * LOW HITPOINT WARNING * * *
Fire: a) +1 shortbow
Press: ? - help, Q - select action, (/) - cycle Shift-Dir - straight line, f/p - orc warrior
Aim: an orc warrior, wielding a +0 battleaxe and wearing a +0 plate armour (almost dead, 70% to hit)
You shoot an arrow.
The arrow hits the orc warrior but does no damage.
The orc warrior is almost dead.
The orc warrior hits you with a +0 battleaxe!
You die...

#..........##.....#####.
#..........##.###.##....
#.............# #.##.##.
#.............# ####.#..
##########....###......_
##########.........###..
#...(..............# ##.
#......#######.....# #.
#.....o@.....'.....####.
#......#######..........
##############....#####.
#..........###....
#.###...##.###....
########.###...####......
#......(...+...##........
#.######.###...##..^^....
#.#.####.###...##.^_^....


You could see an orc warrior.

Vanquished Creatures
  2 water moccasins
  A black bear (D:6)
  An ogre (D:5)
  A centaur (D:5)
  A phantom (D:5)
  A gnoll sergeant (D:5)
  A necrophage (D:4)
  A scorpion (D:5)
  A water moccasin zombie (D:5)
  A howler monkey (D:6)
  A bullfrog zombie (D:5)
  3 iron imps (D:3)
  A hound (D:5)
  3 iguanas
  A jelly (D:6)
  An orc priest (D:3)
  A gnoll bouda (D:4)
  Robin (D:2)
  9 adders
  13 gnolls
  2 white imps (D:5)
  An ufetubus (D:4)
  5 worms
  A dart slug (D:2)
  8 orcs
  5 ball pythons
  4 endoplasms
  2 giant cockroaches
  17 goblins
  7 hobgoblins
  3 jackals (D:4)
  6 kobolds
  7 quokkas
  4 bats
  2 frilled lizards
  8 rats
127 creatures vanquished.

Vanquished Creatures (others)
  5 fungi (D:1)
5 creatures vanquished.

Grand Total: 132 creatures vanquished

Notes
Turn   | Place    | Note
-------+----------+-------------------------------------------
     0 | D:1      | Newt the Kobold Hunter began the quest for the Orb.
     0 | D:1      | Reached XP level 1. HP: 12/12 MP: 1/1
   279 | D:1      | Reached XP level 2. HP: 10/17 MP: 2/2
   287 | D:1      | Reached skill level 6 in Ranged Weapons
   742 | D:1      | Reached XP level 3. HP: 21/21 MP: 3/3
  1003 | D:2      | Reached skill level 7 in Ranged Weapons
  1051 | D:2      | Reached XP level 4. HP: 19/26 MP: 4/4
  1346 | D:2      | Found Ninob's Book Boutique.
  1379 | D:2      | Noticed Robin
  1746 | D:2      | Killed Robin
  1754 | D:2      | Reached XP level 5. HP: 30/30 MP: 5/5
  2003 | D:3      | Reached skill level 8 in Ranged Weapons
  2261 | D:3      | Reached XP level 6. HP: 15/35 MP: 6/6
  2449 | D:3      | Found a burning altar of Makhleb.
  2516 | D:3      | Reached skill level 5 in Dodging
  2682 | D:3      | Found a snail-covered altar of Cheibriados.
  2954 | D:4      | Noticed a water moccasin
  2960 | D:4      | Killed a water moccasin
  2961 | D:4      | Reached skill level 1 in Armour
  2961 | D:4      | Reached XP level 7. HP: 40/40 MP: 7/7
  3889 | D:5      | Entered Level 5 of the Dungeon
  4389 | D:5      | Noticed a water moccasin
  4405 | D:5      | Killed a water moccasin
  4406 | D:5      | Reached XP level 8. HP: 27/45 MP: 8/8
  4930 | D:5      | Found a shimmering altar of Xom.
  4951 | D:5      | Found a hazy altar of Hepliaklqana.
  5059 | D:5      | Became a worshipper of Hepliaklqana the Forgotten
  5296 | D:5      | Found a basalt altar of Yredelemnul.
  5330 | D:5      | Reached skill level 1 in Evocations
  5378 | D:5      | Identified the +1 robe of Good Intentions {Harm *Slow rElec
                  | rN++}
  5392 | D:5      | Found a staircase to the Ecumenical Temple.
  6355 | D:6      | Reached skill level 5 in Evocations
  6355 | D:6      | Reached XP level 9. HP: 51/52 MP: 9/9
  6411 | D:5      | HP: 1/52 [orc warrior/+0 battleaxe (10)]
  6414 | D:5      | Mangled by an orc warrior

Illustrated notes

Levels and vault maps discovered:
D:1:      scummos_arrival_checkerplants, layout_loops_cross,
          chequers_mini_garden
D:2:      minmay_angry_zag, layout_basic, serial_shops, shop, uniq_robin
D:3:      layout_rooms, mainiacjoe_overflow_paths, demons_altar, st_stairs_10
D:4:      wander_river, layout_cave_pods, st_stairs_8
D:5:      layout_basic, nicolae_overflow_crystal_walls, xom_teletrap_fun,
          lemuel_zombie_altar_yredelemnul, minmay_temple_entry_overgrown,
          lightli_minifort
D:6:      layout_rooms, nicolae_alphabet_shops

Skill      XL: |  1  2  3  4  5  6  7  8 |
---------------+-------------------------+-----
Ranged Weapons | 6 7 8 |  8.9
Dodging        | 4 6 |  6.0
Armour         | 1 4 |  4.0
Fighting       | 4 |  4.0
Stealth        | 4 |  4.0
Evocations     | 5 |  5.0

Action                   |  1- 3 |  4- 6 |  7- 9 || total
-------------------------+-------+-------+-------++-------
 Fire: Shortbow          |    84 |   156 |   239 ||   479
Throw: Throwing net      |       |       |     2 ||     2
Evoke: Wand              |       |       |     5 ||     5
  Use: Scroll            |       |     5 |     6 ||    11
       Potion            |       |       |     4 ||     4
Armor: Leather armour    |    13 |    20 |    20 ||    53
       Robe              |       |       |     3 ||     3
Dodge: Dodged            |    49 |    76 |   168 ||   293
Block: Other             |       |       |    16 ||    16

Table legend: (Time is in decaauts)
 A = Elapsed time spent in this place.
 B = Non-inter-level travel time spent in this place.
 C = Inter-level travel time spent in this place.
 D = Time resting spent in this place.
 E = Time spent auto-exploring this place.
 F = Levels seen in this place.
 G = Mean time per level.
                   A        B        C        D        E       F      G
               +--------+--------+--------+--------+--------+-----+--------+
         Total |   6506 |   6238 |    268 |   1751 |   3606 |   6 | 1084.3 |
       Dungeon |   6506 |   6238 |    268 |   1751 |   3606 |   6 | 1084.3 |
               +--------+--------+--------+--------+--------+-----+--------+

Top non-repeatable levels by time:
     D:5: 2006 daAuts
     D:4: 1530 daAuts
     D:2: 1090 daAuts
     D:1: 931 daAuts
     D:3: 893 daAuts
     D:6: 52 daAuts
